 Dungeon Crawl Stone Soup version 0.29.1-1-gd02db6906a (webtiles) character file.

Game seed: 4719598056331841451

282545 Lutefisk the Unseen (level 20, -8/113 HPs)
             Began as a Vine Stalker Brigand on Oct 16, 2022.
             Was the Champion of Wu Jian.
             Mangled by miserystealer's ghost (29 damage)
             ... on level 2 of the Elven Halls on Oct 17, 2022.
             The game lasted 03:12:36 (20913 turns).

Lutefisk the Unseen (Vine Stalker Brigand)         Turns: 20913, Time: 03:12:37

Health: -8/113     AC: 15    Str: 22    XL:     20   Next: 53%
Magic:  0/21       EV: 37    Int: 11    God:    Wu Jian [******]
Gold:   1917       SH: 24    Dex: 20    Spells: 19/19 levels left

rFire   + + .      SeeInvis .   a - +8 demon whip (freeze)
rCold   + . .      Faith    .   y - +4 tower shield {reflect}
rNeg    . . .      Spirit   +   b - +4 ring mail {rF+}
rPois   .          Reflect  +   l - +1 hat {Will+}
rElec   .          Harm     .   o - scarf {rC+ rF+}
rCorr   .          Rampage  .   Q - +0 pair of gloves
Will    +++++      NoTele   +   P - +0 pair of boots
Stlth   +++.......              G - amulet of the Jackalope {RegenMP -Tele Will++ Regen+ Str+3}
HPRegen 1.88/turn               n - +4 ring of evasion
MPRegen 0.57/turn               I - ring of flight

@: lethally poisoned (-8 -> -9), exhausted, in a heavenly storm, flying, glowing
A: fangs 3, regeneration 1, magic shield, antimagic bite, no potion heal 2
}: 2/15 runes: serpentine, barnacled
a: Renounce Religion, Wall Jump, Serpent's Lash, Heavenly Storm


You were on level 2 of the Elven Halls.
You worshipped Wu Jian.
Wu Jian was exalted by your worship.
You visited 7 branches of the dungeon, and saw 33 of its levels.
You also visited: Bailey, Ice Cave and Volcano.

You collected 3230 gold pieces.
You spent 1313 gold pieces at shops.

Inventory:

Hand Weapons
 a - a +8 demon whip of freezing (weapon)
 p - a +4 dagger of speed
Missiles
 A - 5 curare-tipped darts
 F - 3 boomerangs of dispersal
 S - 7 javelins (quivered)
 X - a throwing net
Armour
 b - a +4 ring mail of fire resistance (worn)
 l - a +1 hat of willpower (worn)
 o - a scarf of resistance (worn)
 y - a +4 tower shield of reflection (worn)
 C - +0 fire dragon scales
 H - a +2 chain mail of willpower
 P - a +0 pair of boots (worn)
 Q - a +0 pair of gloves (worn)
Magical Staves
 c - a staff of air
Jewellery
 d - a ring of willpower
 m - a +4 ring of protection
 n - a +4 ring of evasion (left hand)
 u - a ring of poison resistance
 G - the amulet of the Jackalope (around neck) {RegenMP -Tele Will++ Regen+ Str+3}
   (You acquired it on level 1 of the Snake Pit)

   [amulet of magic regeneration]

   It increases your rate of magic regeneration.
   Str:       It affects your strength (+3).
   -Tele:     It prevents most forms of teleportation.
   Regen:     It increases your rate of health regeneration.
   Will:      It greatly increases your willpower.
 I - a ring of flight (right hand)
 W - a ring of positive energy
Wands
 f - a wand of iceblast (34)
 E - a wand of flame (31)
 K - a wand of charming (12)
 M - a wand of digging (7)
 R - a wand of light (5)
 V - a wand of mindburst (15)
Scrolls
 i - a scroll of summoning
 j - 2 scrolls of fog
 q - 11 scrolls of teleportation
 s - a scroll of silence
 t - 8 scrolls of poison
 w - 6 scrolls of magic mapping
 z - 6 scrolls of blinking
 D - 3 scrolls of vulnerability
 J - 2 scrolls of brand weapon
Potions
 e - a potion of resistance
 g - 11 potions of curing
 h - 3 potions of lignification
 k - 8 potions of attraction
 r - 8 potions of haste
 v - 8 potions of mutation
 x - 2 potions of might {unknown}
 L - 4 potions of brilliance {unknown}
 N - 3 potions of cancellation
 O - 4 potions of magic {unknown}
 T - 3 potions of ambrosia
 U - 4 potions of berserk rage {unknown}
 Z - 3 potions of invisibility
Miscellaneous
 B - a condenser vane
 Y - a phantom mirror (inert)


   Skills:
 - Level 15.0 Fighting
 - Level 2.0 Short Blades
 - Level 12.0 Maces & Flails
 - Level 4.0 Throwing
 * Level 12.1 Armour
 - Level 13.0 Dodging
 - Level 15.0 Stealth
 - Level 15.0 Shields
 - Level 6.0 Evocations


You had 19 spell levels left.
You didn't know any spells.
Your spell library contained the following spells:

 Spells                   Type           Power      Damage    Failure   Level
 Apportation              Tloc           0%         N/A       88%         1
 Freeze                   Ice            0%         1d3       88%         1
 Shock                    Conj/Air       0%         1d3       88%         1
 Slow                     Hex            0%         N/A       88%         1
 Ensorcelled Hibernation  Hex/Ice        0%         N/A       95%         2
 Poisonous Vapours        Pois/Air       0%         N/A       95%         2
 Static Discharge         Conj/Air       0%         3-3/arc   95%         2
 Sublimation of Blood     Necr           0%         N/A       95%         2
 Confusing Touch          Hex            0%         N/A       99%         3
 Dazzling Flash           Conj/Hex       0%         N/A       99%         3
 Frozen Ramparts          Ice            0%         1d1       99%         3
 Gell's Gravitas          Tloc           0%         N/A       99%         3
 Inner Flame              Hex/Fire       0%         N/A       99%         3
 Ozocubu's Armour         Ice            0%         N/A       99%         3
 Spider Form              Tmut/Pois      0%         N/A       99%         3
 Swiftness                Air            0%         N/A       99%         3
 Teleport Other           Tloc           0%         N/A       99%         3
 Vampiric Draining        Necr           0%         2d6       99%         3
 Airstrike                Air            0%         2d(0-16)  100%        4
 Anguish                  Hex/Necr       0%         N/A       100%        4
 Cause Fear               Hex            0%         N/A       100%        4
 Corpse Rot               Necr/Pois/Air  0%         N/A       100%        4
 Dispel Undead            Necr           0%         3d6       100%        4
 Hailstorm                Conj/Ice       0%         3d3       100%        4
 Petrify                  Tmut/Erth      0%         N/A       100%        4
 Sticky Flame             Conj/Fire      0%         2d3       100%        4
 Agony                    Necr           0%         N/A       100%        5
 Alistair's Intoxication  Tmut/Pois      0%         N/A       100%        5
 Fireball                 Conj/Fire      0%         3d3       100%        5
 Irradiate                Conj/Tmut      0%         3d11      100%        5
 Lightning Bolt           Conj/Air       0%         1d11      100%        5
 Metabolic Englaciation   Hex/Ice        0%         N/A       100%        5
 Silence                  Hex/Air        0%         N/A       100%        5
 Summon Forest            Summ/Tloc      0%         N/A       100%        5
 Summon Mana Viper        Hex/Summ       0%         N/A       100%        5
 Dispersal                Tloc           0%         N/A       100%        6
 Simulacrum               Ice/Necr       0%         N/A       100%        6
 Starburst                Conj/Fire      0%         6d3       100%        6
 Summon Cactus Giant      Summ           0%         N/A       100%        6
 Ozocubu's Refrigeration  Ice            0%         4d7       100%        7
 Borgnjor's Revivificati  Necr           0%         N/A       100%        8
 Discord                  Hex            0%         N/A       100%        8
 Ignition                 Fire           0%         3d3       100%        8
 Maxwell's Capacitive Co  Air            0%         ∞         100%        8
 Necromutation            Tmut/Necr      0%         N/A       100%        8
 Death's Door             Necr           0%         N/A       100%        9


Dungeon Overview and Level Annotations

Branches:
Dungeon (15/15)            Temple (1/1) D:4            Lair (5/5) D:9
 Shoals (4/4) Lair:3        Snake (4/4) Lair:2        Slime (0/5) Lair:4
    Orc (2/2) D:11            Elf (2/3) Orc:2        Vaults (0/5) D:14
 Depths (0/4) D:15         Bailey (visited)           IceCv (visited)
Volcano (visited)

Altars:
Ashenzari
Cheibriados
Dithmenos
Elyvilon
Fedhas
Gozag
Hepliaklqana
Kikubaaqudgha
Nemelex Xobeh
Okawaru
Qazlal
Ru
Sif Muna
Trog
Uskayaw
Wu Jian
Xom
Zin
The Shining One
Jiyva

Shops:
D:6 [   Orc:2 (*[*(?   Snake:1 ?*

Annotations:
D:1 1 runed translucent door
D:14 Agnes
D:15 Rupert
Lair:3 3 runed translucent doors, alphun's ghost, journeyman DsCA
Elf:2 CertainDeath's ghost, adept MiMo; Freuderthreep's ghost, adept GnWn; XxsatanxX's ghost, adept MiBe; liarliar's ghost, adept HOMo; miserystealer's ghost, adept VSMo; zeram's ghost, adept GrFi


Innate Abilities, Weirdness & Mutations

You have razor-sharp teeth.
Your natural rate of healing is unusually fast.
When hurt, damage is shared between your health and your magic reserves.
Your bite disrupts and absorbs the magic of your enemies.
Potions cannot restore your health.


Message History

You feel sick.
You are more poisoned.
The deep elf knight burns!
Liarliar's ghost hits you. Liarliar's ghost freezes you.
XxsatanxX's ghost completely misses you.
Zeram's ghost misses you.
Things that are here:
a +0 longbow; a +0 short sword; a +0 leather armour You lunge at the deep elf pyromancer, in a flurry of attacks.
You thrash the deep elf pyromancer!! You freeze the deep elf pyromancer.
You bite the deep elf pyromancer!!
You kill the deep elf pyromancer!
The Council accepts your kill.
You spin and attack Freuderthreep's ghost.
You hit Freuderthreep's ghost but do no damage.
Your bite misses Freuderthreep's ghost.
Freuderthreep's ghost is severely damaged.
You spin and attack the deep elf knight.
You whack the deep elf knight! You freeze the deep elf knight!
The deep elf knight is severely wounded.
You feel sick.
You are more poisoned.
Freuderthreep's ghost completely misses you.
Unknown command.
You spin and attack miserystealer's ghost.
You whack miserystealer's ghost! You freeze miserystealer's ghost.
Your bite misses miserystealer's ghost.
Miserystealer's ghost is severely damaged.
You spin and attack CertainDeath's ghost repeatedly.
You whack CertainDeath's ghost! You freeze CertainDeath's ghost.
CertainDeath's ghost is lightly damaged.
You hit CertainDeath's ghost but do no damage.
CertainDeath's ghost is lightly damaged.
You feel sick.
You are more poisoned.
Freuderthreep's ghost gestures at you while chanting.
The bolt of lightning hits you!!!
* * * LOW HITPOINT WARNING * * *
Miserystealer's ghost hits you!!
You die...

##.## #.# .. ##.###..
.. #.(#.# .. #.#.# #.
#.#.###.#
#.#########.#...#.# #§
.☼☼##....###.#.#
##.##§###§##○##..##.#.#
#...§§@W§Wee§.....# #..
#....§☼WWWe§§§.......
..
##...§§§§ee§§W'....#.#
#...'+++☼§§☼§'...##.#
#....' '§§§☼§☼'..## #
#..(. +':.e='''..# #...
+'.[)W'+'..# #...
++!?=='+'....
+.[)=++'...#


You could see a deep elf knight (invisible), CertainDeath's ghost,
Freuderthreep's ghost (toxic aura), XxsatanxX's ghost and miserystealer's ghost
(swift, magic disrupted).

Vanquished Creatures
  Bai Suzhen (Shoals:4)
  Vashnia (Snake:4)
  Nikola (Snake:2)
  Kirke (D:14)
  4 nagarajas (Snake:4)
  Ilsuiw (Shoals:2)
  A frost giant (Shoals:4)
  Louise (D:15)
  A fire dragon (Volcano)
  A deep elf death mage (Elf:2)
  13 merfolk impalers
  5 merfolk javelineers
  3 hydras
  8 vault guards (D:14)
  4 merfolk avatars
  2 salamander tyrants
  7 boulder beetles
  8 anacondas
  14 naga warriors
  2 ogre magi (Orc:2)
  3 centaur warriors
  12 two-headed ogres
  2 catoblepae
  3 dancing weapons
  3 alligator snapping turtles
  4 satyrs
  A merfolk aquamancer (Shoals:4)
  2 tengu warriors (D:14)
  4 deep elf knights
  An orc high priest (Orc:2)
  8 shock serpents
  14 naga sharpshooters
  A golden dragon zombie (D:15)
  6 salamander mystics
  3 skeletal warriors (D:15)
  2 deep trolls (Orc:2)
  14 sea snakes
  2 deep elf archers (Elf:2)
  A shadow dragon zombie (D:15)
  6 naga ritualists
  2 bog bodies (IceCv)
  A lindwurm (Lair:5)
  A necromancer (D:15)
  A phantasmal warrior (D:15)
  32 harpies
  7 deep elf pyromancers
  2 orc knights
  2 orc sorcerers
  4 deep elf zephyrmancers
  An oklob plant (Lair:5)
  A golden dragon skeleton (D:15)
  13 ugly things
  22 salamanders
  12 cyclopes
  12 mana vipers
  11 fauns
  11 manticores
  11 merfolk sirens
  A sphinx skeleton (D:15)
  An ice statue (IceCv)
  17 naga magi
  18 elephants
  6 water nymphs
  3 guardian serpents
  32 black mambas
  A gargoyle (D:12)
  A kobold demonologist (D:12)
  22 cane toads
  6 rime drakes
  3 anaconda simulacra (IceCv)
  An efreet (D:13)
  14 komodo dragons
  2 tengu conjurers (D:14)
  A freezing wraith (D:15)
  24 merfolk
  11 trolls
  3 meliai (D:15)
  2 tyrant leeches (Lair:5)
  2 hornets
  2 queen bees
  6 wind drakes
  14 dream sheep
  17 slime creatures
  A hornet (shapeshifter) (D:14)
  17 blink frogs
  3 polar bears
  10 snapping turtles
  A dire elephant simulacrum (IceCv)
  3 water elementals
  A hog (D:14)
  14 wyverns
  Eustachio (D:5)
  10 fire bats
  34 yaks
  3 wraiths
  5 basilisks
  5 steam dragons
  11 vampire mosquitoes
  3 death yak simulacra (IceCv)
  Menkaure (D:5)
  A warg (Orc:1)
  A harpy simulacrum (IceCv)
  2 acid dragons
  12 water moccasins
  41 nagas
  Duvessa (D:3)
  A water moccasin (shapeshifter) (D:14)
  A hydra simulacrum (IceCv)
  19 orc warriors
  Pargi (D:4)
  An ice beast (D:5)
  3 black bears
  A sky beast (D:7)
  9 wolves
  25 ogres
  5 boggarts (D:15)
  9 centaurs
  3 phantoms (D:11)
  4 kobold brigands
  2 necrophages (D:5)
  4 two-headed ogre simulacra (IceCv)
  18 bullfrogs
  3 scorpions
  3 cane toad simulacra (IceCv)
  4 wights (D:6)
  Dowan (D:3)
  3 elephant simulacra (IceCv)
  A troll zombie (D:11)
  40 killer bees
  A vampire bat (Orc:2)
  6 howler monkeys
  5 electric eels (Lair:5)
  4 crimson imps (D:14)
  4 lava snakes
  A jelly (D:5)
  4 hounds
  12 orc priests
  5 iguanas
  7 hell rats (Lair:3)
  Natasha (D:3)
  12 orc wizards
  4 spriggan simulacra
  7 troll simulacra
  A polar bear simulacrum (IceCv)
  2 wolf simulacra (IceCv)
  5 ogre zombies (D:11)
  Robin (D:3)
  10 gnolls
  9 naga simulacra
  An adder (D:3)
  A river rat (Lair:2)
  9 white imps
  7 ufetubi (IceCv)
  2 worms (D:2)
  A dart slug (D:4)
  55 orcs
  14 bats
  6 endoplasms
  2 giant cockroaches (D:1)
  13 goblins
  7 hobgoblins
  22 kobolds
  A quokka (D:2)
  7 ball pythons
  2 frilled lizards
  2 goblin zombies (D:11)
  A hobgoblin zombie (D:11)
  14 orc zombies (D:11)
  6 rats
1143 creatures vanquished.

Vanquished Creatures (collateral kills)
  A naga warrior (Snake:3)
  A shock serpent (Snake:3)
  A salamander (Snake:3)
  A guardian serpent (Snake:3)
  A tyrant leech (Lair:5)
  A naga (Snake:3)
  An orc warrior (Bailey)
  A gnoll (Bailey)
  An orc (Bailey)
  3 hobgoblins (Bailey)
  3 kobolds (Bailey)
15 creatures vanquished.

Vanquished Creatures (others)
  A fire bat (Volcano)
  2 humans (D:14)
  An orc warrior (Bailey)
  A lava snake (Lair:5)
  24 fungi
  207 plants
  4 withered plants (D:15)
240 creatures vanquished.

Grand Total: 1398 creatures vanquished

Notes
Turn   | Place    | Note
-------+----------+-------------------------------------------
     0 | D:1      | Lutefisk the Vine Stalker Brigand began the quest for the
                  | Orb.
     0 | D:1      | Reached XP level 1. HP: 11/11 MP: 2/2
     2 | D:1      | Found a runed translucent door.
    61 | D:1      | Reached skill level 5 in Stealth
    77 | D:1      | Reached XP level 2. HP: 15/15 MP: 3/3
   110 | D:1      | Found a faded altar of an unknown god.
   355 | D:2      | Reached XP level 3. HP: 20/20 MP: 4/4
   539 | D:3      | Noticed Natasha
   546 | D:3      | Killed Natasha
   547 | D:3      | Gained mutation: Your natural rate of healing is unusually
                  | fast. [Vine Stalker growth]
   547 | D:3      | Reached XP level 4. HP: 21/25 MP: 3/5
   674 | D:3      | Noticed Robin
   694 | D:3      | Killed Robin
   698 | D:3      | Reached skill level 1 in Dodging
   718 | D:3      | Reached XP level 5. HP: 15/29 MP: 2/6
   989 | D:4      | Noticed Dowan
   990 | D:4      | Noticed Duvessa
  1049 | D:3      | Killed Dowan
  1065 | D:3      | Killed Duvessa
  1066 | D:3      | Reached XP level 6. HP: 14/34 MP: 2/7
  1284 | D:4      | Got Sif Muna's Vellum of Beguiling
  1338 | D:4      | Noticed Pargi
  1371 | D:4      | Killed Pargi
  1372 | D:4      | Reached skill level 5 in Fighting
  1372 | D:4      | Reached XP level 7. HP: 39/39 MP: 8/8
  1409 | D:4      | Found a staircase to the Ecumenical Temple.
  1420 | Temple   | Entered the Ecumenical Temple
  1493 | Temple   | Became a worshipper of the Wu Jian Council
  1671 | D:5      | Entered Level 5 of the Dungeon
  1880 | D:5      | Reached skill level 1 in Armour
  2065 | D:5      | Noticed Menkaure
  2071 | D:5      | Killed Menkaure
  2097 | D:5      | Gained mutation: You have razor-sharp teeth. [Vine Stalker
                  | growth]
  2097 | D:5      | Reached XP level 8. HP: 44/44 MP: 7/9
  2280 | D:5      | Noticed Eustachio
  2284 | D:5      | Killed Eustachio
  2285 | D:5      | Reached skill level 10 in Stealth
  2306 | D:5      | Found a glowing golden altar of the Shining One.
  2608 | D:6      | Reached XP level 9. HP: 39/48 MP: 10/10
  2640 | D:6      | Found Sojishree's Armour Shop.
  2640 | D:6      | Noticed a two-headed ogre
  2820 | D:6      | Reached * piety under Wu Jian
  2919 | D:6      | Killed a two-headed ogre
  3013 | D:6      | Found an opulent altar of Gozag.
  3469 | D:8      | Reached XP level 10. HP: 56/56 MP: 11/11
  3571 | D:8      | Found a flagged portal.
  3582 | Bailey   | Entered a bailey
  3609 | Bailey   | Reached skill level 1 in Evocations
  3676 | Bailey   | Noticed an orc knight
  3689 | Bailey   | Reached ** piety under Wu Jian
  3702 | Bailey   | Killed an orc knight
  4334 | D:9      | Found a stormy altar of Qazlal.
  4365 | D:9      | Noticed a boulder beetle
  4486 | D:9      | HP: 2/57 [poisoned by a killer bee]
  4491 | D:9      | HP: 2/57 [poisoned by a killer bee]
  4639 | D:9      | Killed a boulder beetle
  4661 | D:9      | Found a staircase to the Lair.
  4790 | D:9      | Reached XP level 11. HP: 37/62 MP: 8/12
  4809 | Lair:1   | Entered Level 1 of the Lair of Beasts
  4839 | Lair:1   | Noticed a six-headed hydra
  4937 | Lair:1   | Found a dark tunnel.
  4949 | Volcano  | Entered a volcano
  5037 | Volcano  | Noticed a two-headed ogre
  5039 | Volcano  | Noticed a salamander
  5065 | Volcano  | Reached *** piety under Wu Jian
  5068 | Volcano  | Killed a salamander
  5069 | Volcano  | Reached skill level 10 in Fighting
  5070 | Volcano  | Killed a two-headed ogre
  5114 | Volcano  | Noticed a salamander
  5116 | Volcano  | Noticed a two-headed ogre
  5142 | Volcano  | Killed a salamander
  5144 | Volcano  | HP: 3/63 [wyvern (9)]
  5150 | Volcano  | Reached skill level 15 in Stealth
  5300 | Volcano  | Noticed a salamander
  5330 | Volcano  | Killed a salamander
  5367 | Volcano  | Noticed a fire dragon
  5415 | Volcano  | Killed a fire dragon
  5449 | Volcano  | Noticed a two-headed ogre
  5521 | Volcano  | Killed a two-headed ogre
  5605 | Volcano  | Noticed a two-headed ogre
  5677 | Volcano  | Killed a two-headed ogre
  5678 | Volcano  | Reached skill level 5 in Armour
  5678 | Volcano  | Reached skill level 5 in Dodging
  5678 | Volcano  | Reached XP level 12. HP: 54/70 MP: 9/13
  5818 | Lair:1   | Killed a six-headed hydra
  6059 | Lair:2   | Reached **** piety under Wu Jian
  6081 | Lair:2   | Found a staircase to the Snake Pit.
  6439 | Lair:2   | Reached ***** piety under Wu Jian
  6628 | Lair:2   | Reached XP level 13. HP: 75/75 MP: 14/14
  7045 | Lair:3   | Found a runed translucent gate.
  7045 | Lair:3   | Found a runed translucent gate.
  7046 | Lair:3   | Found a runed translucent gate.
  7047 | Lair:3   | Noticed alphun's ghost (journeyman DsCA)
  7327 | Lair:4   | Found a staircase to the Slime Pits.
  7327 | Lair:4   | Found a viscous altar of Jiyva.
  7404 | Lair:4   | Reached skill level 5 in Evocations
  7473 | Lair:4   | Found a hide-covered altar of Uskayaw.
  7667 | Lair:5   | Entered Level 5 of the Lair of Beasts
  7963 | Lair:4   | Reached ****** piety under Wu Jian
  8056 | Lair:5   | Reached XP level 14. HP: 81/81 MP: 15/15
  8589 | Lair:5   | Identified the +10 halberd "Wizuroitt" {vorpal, rElec rF+
                  | rN+ Int-2}
  9196 | D:10     | Entered Level 10 of the Dungeon
  9550 | D:11     | Found a frozen archway.
  9590 | IceCv    | Entered an ice cave
  9813 | IceCv    | Reached skill level 10 in Dodging
 10236 | D:11     | Reached skill level 1 in Shields
 10498 | D:11     | Found a staircase to the Orcish Mines.
 10562 | Orc:1    | Entered Level 1 of the Orcish Mines
 10603 | Orc:1    | Found an iron altar of Okawaru.
 10821 | Orc:2    | Entered Level 2 of the Orcish Mines
 10826 | Orc:2    | Found Xagudoc's Antique Weapon Boutique.
 10998 | Orc:2    | Found Aqi Soam's Armour Emporium.
 11015 | Orc:2    | Found Maexoheo's Antique Weapon Shoppe.
 11056 | Orc:2    | Reached skill level 10 in Armour
 11128 | Orc:2    | Reached XP level 15. HP: 39/88 MP: 9/16
 11274 | Orc:2    | Reached skill level 5 in Shields
 11734 | Orc:2    | Found Qomiyhot's Magic Scroll Emporium.
 11735 | Orc:2    | Found Lajegiq's Assorted Antiques.
 11790 | Orc:2    | Found a staircase to the Elven Halls.
 11832 | Orc:2    | Found Yshyaril's General Store.
 11850 | Orc:2    | Bought a +4 demon whip of freezing for 735 gold pieces
 11862 | Orc:2    | Bought a scroll of blinking for 112 gold pieces
 11862 | Orc:2    | Bought a scroll of teleportation for 45 gold pieces
 11862 | Orc:2    | Bought a scroll of teleportation for 45 gold pieces
 12122 | D:12     | Reached skill level 1 in Maces & Flails
 12941 | D:14     | Found a shimmering altar of Xom.
 13308 | D:14     | Noticed Agnes
 13315 | D:14     | Found a gate to the Vaults.
 13332 | D:14     | Reached skill level 5 in Maces & Flails
 13406 | D:14     | Noticed Kirke
 13416 | D:14     | Reached XP level 16. HP: 91/93 MP: 17/17
 13423 | D:14     | Killed Kirke
 13566 | D:15     | Entered Level 15 of the Dungeon
 13738 | D:15     | Reached skill level 10 in Shields
 13984 | D:15     | Noticed Louise
 14034 | D:15     | Killed Louise
 14223 | D:15     | Found a staircase to the Depths.
 14495 | D:15     | Noticed Rupert
 14796 | Snake:1  | Entered Level 1 of the Snake Pit
 14849 | Snake:1  | Found a bloodstained altar of Trog.
 15010 | Snake:1  | Found Neuson's Assorted Antiques.
 15010 | Snake:1  | Found Seamp's Magic Scroll Boutique.
 15029 | Snake:1  | Bought a murky golden potion for 36 gold pieces
 15029 | Snake:1  | Bought a scroll labelled UCAYNUJUMP for 40 gold pieces
 15029 | Snake:1  | Bought a fuming orange potion for 36 gold pieces
 15029 | Snake:1  | Identified a scroll of acquirement
 15029 | Snake:1  | Acquired the amulet of the Jackalope {RegenMP -Tele Will++
                  | Regen+ Str+3}
 15046 | Snake:1  | Bought a scroll of teleportation for 48 gold pieces
 15046 | Snake:1  | Bought a scroll of teleportation for 48 gold pieces
 15046 | Snake:1  | Bought a scroll of teleportation for 48 gold pieces
 15046 | Snake:1  | Bought a scroll of enchant weapon for 120 gold pieces
 15268 | Snake:1  | Reached skill level 10 in Maces & Flails
 15269 | Snake:1  | Identified the +6 spear "Jaseapem" {antimagic, *Slow Str+4
                  | Dex+8 Stlth+}
 15561 | Snake:2  | Noticed Nikola
 15618 | Snake:2  | Killed Nikola
 15941 | Snake:2  | Reached XP level 17. HP: 83/97 MP: 18/18
 16869 | Snake:4  | Entered Level 4 of the Snake Pit
 16891 | Snake:4  | Noticed Vashnia
 16981 | Snake:4  | Killed Vashnia
 17685 | Snake:4  | Reached XP level 18. HP: 89/102 MP: 17/19
 17705 | Snake:4  | Got a serpentine rune of Zot
 18236 | Lair:3   | Found a staircase to the Shoals.
 18244 | Shoals:1 | Entered Level 1 of the Shoals
 18331 | Shoals:1 | Reached skill level 15 in Shields
 18806 | Shoals:2 | Found a white marble altar of Elyvilon.
 19223 | Shoals:2 | Noticed Ilsuiw
 19228 | Shoals:2 | Reached skill level 15 in Fighting
 19281 | Shoals:2 | Killed Ilsuiw
 19556 | Shoals:3 | Identified the +12 morningstar of Res Nullius {elec, Int+4}
 19713 | Shoals:4 | Entered Level 4 of the Shoals
 19713 | Shoals:4 | Found an opulent altar of Gozag.
 19794 | Shoals:4 | Reached XP level 19. HP: 82/108 MP: 18/20
 19811 | Shoals:4 | Got a barnacled rune of Zot
 19852 | Shoals:4 | Found a glowing golden altar of the Shining One.
 19887 | Shoals:4 | Identified the +2 flail of Epsa {protect, Dex+3}
 19963 | Shoals:4 | Reached XP level 20. HP: 113/113 MP: 21/21
 20166 | Shoals:4 | Noticed Bai Suzhen
 20224 | Shoals:4 | Killed Bai Suzhen
 20320 | Shoals:4 | Identified the +8 dagger of Guilt {spect, Drain rF+ SInv}
 20665 | Elf:1    | Entered Level 1 of the Elven Halls
 20880 | Elf:2    | Found a huge runed gate.
 20881 | Elf:2    | Found a huge runed gate.
 20881 | Elf:2    | Found a huge runed gate.
 20881 | Elf:2    | Found a huge runed gate.
 20881 | Elf:2    | Found a huge runed gate.
 20882 | Elf:2    | Found a huge runed gate.
 20884 | Elf:2    | Found a huge runed gate.
 20884 | Elf:2    | Found a huge runed gate.
 20884 | Elf:2    | Found a huge runed gate.
 20886 | Elf:2    | Found a huge runed gate.
 20886 | Elf:2    | Found a huge runed gate.
 20887 | Elf:2    | Found a huge runed gate.
 20895 | Elf:2    | Noticed XxsatanxX's ghost (adept MiBe)
 20895 | Elf:2    | Noticed miserystealer's ghost (adept VSMo)
 20895 | Elf:2    | Noticed zeram's ghost (adept GrFi)
 20895 | Elf:2    | Noticed Freuderthreep's ghost (adept GnWn)
 20895 | Elf:2    | Noticed liarliar's ghost (adept HOMo)
 20895 | Elf:2    | Noticed CertainDeath's ghost (adept MiMo)
 20913 | Elf:2    | Mangled by miserystealer's ghost

Illustrated notes

Levels and vault maps discovered:
D:1:      dpeg_arrival_caged_fury, layout_loops_ring, basic_ecumenical_altar,
          serial_forest, infiniplex_forest_clump_medium,
          infiniplex_forest_zigzag_1, infiniplex_forest_lined_room_2,
          infiniplex_forest_fountain, infiniplex_forest_clump_long
D:2:      layout_basic, dreamdust_princess_bridge, serial_park_tiny_1,
          kennysheep_doodads, chequers_jeans
D:3:      layout_loops_ring, uniq_robin, uniq_natasha, uniq_grinder
D:4:      minmay_spotlight, layout_cave_pods, minmay_temple_entry_purple_smoke,
          chequers_serial_rivers_marsh, serial_park_tiny_1, uniq_duvessa,
          uniq_pargi
D:5:      layout_basic, lemuel_tele_altar, cheibrodos_gnoll_hut, uniq_eustachio,
          uniq_menkaure
D:6:      layout_layer_cave, gammafunk_temple_overflow_claw,
          grunt_gozag_statues, serial_shops, nicolae_square_shop
D:7:      layout_loops_cross, minmay_diced_spiral, uniq_joseph
D:8:      layout_basic, enter_bailey_6, nicolae_looking_at_the_future
D:9:      layout_roguey, grunt_qazlal_sundering, david_lair_generic
D:10:     layout_loops_ring
D:11:     layout_irregular_city, zombieorc1_lemuel,
          portal_ice_cave_entry_ice_simulacra
D:12:     layout_irregular_city
D:13:     layout_rooms
D:14:     layout_basic, erik_vaults_2, roderic_three_in_a_row, serial_shops,
          kennysheep_mini, led_xom_imps, uniq_kirke, uniq_agnes
D:15:     gammafunk_depths_entry_grave, layout_irregular_city, uniq_rupert,
          uniq_louise
Temple:   minmay_temple_bridge_d
Lair:1:   layout_roguey, nicolae_volcano_entry_lava_flow, nicolae_lair_lindhole,
          serial_bayou_shore_a
Lair:2:   regret_index_tunnel_blossom, layout_gridlike,
          guppyfry_snake_entry_garden
Lair:3:   layout_gridlike, minmay_shoals_entry_hut, ebering_ghost_rock_garden,
          minivault_24, patterned_corridor, infiniplex_staircase_pool
Lair:4:   layout_small_grid, slime_entry_1, basic_altar
Lair:5:   minmay_lair_end_frog_pond, layout_gridlike,
          chequers_serial_rivers_room_b, minivault_23,
          nicolae_lair_liquid_snakes
Shoals:1: layout_shoals, nicolae_shoals_mertower
Shoals:2: layout_shoals, lemuel_centaur_altar, uniq_ilsuiw
Shoals:3: nicolae_shoals_mermall, layout_shoals
Shoals:4: shoals_end_grunt_ice, layout_shoals, hangedman_feature_mirror,
          uniq_bai_suzhen
Snake:1:  layout_basic, basic_altar, minmay_shoptagon, grunt_megastairs_2,
          uniq_aizul
Snake:2:  layout_grid_maze, nicolae_coiled_stairwell_down, uniq_nikola
Snake:3:  layout_basic, nicolae_elevator_lobby_asterisk
Snake:4:  snake_pit, layout_rooms, nicolae_triple_integral, uniq_vashnia
Orc:1:    layout_caves, basic_altar, okawaru_metal_pillars_1_2
Orc:2:    st_orc_open, layout_diamond_mine, serial_shops, shop, shop,
          roderic_batcave
Elf:1:    layout_loops_cross, minmay_elf_sorcery, uniq_zenata
Elf:2:    elven_hall_of_blades_hangedman_alternative
          [nicolae_vaults_blade_armed_guards], layout_loops_corners,
          gammafunk_ghost_door_vault

Skill      XL: |  1  2  3  4  5  6  7  8  9 10 11 12 13 14 15 16 17 18 19 20 |
---------------+-------------------------------------------------------------+-----
Stealth        | 5 7 9 12 13 14 15 | 15.0
Fighting       | 2 3 4 5 6 7 9 11 12 14 15 | 15.0
Dodging        | 1 3 4 5 6 9 10 11 12 13 | 13.0
Throwing       | 2 3 4 |  4.0
Armour         | 1 3 4 5 6 9 10 11 12 | 12.1
Short Blades   | 2 |  2.0
Evocations     | 3 4 5 6 |  6.0
Shields        | 4 9 10 14 15 | 15.0
Maces & Flails | 5 11 12 | 12.0

Action                   |  1- 3 |  4- 6 |  7- 9 | 10-12 | 13-15 | 16-18 | 19-21 || total
-------------------------+-------+-------+-------+-------+-------+-------+-------++-------
Melee: Dagger            |    60 |   162 |    30 |       |    15 |    12 |       ||   279
       Bite              |    11 |    53 |    88 |   234 |   649 |   704 |   141 ||  1880
       Punch             |     1 |     1 |       |    14 |    13 |       |       ||    29
       Lajatang          |       |       |     8 |     8 |       |       |       ||    16
       Rapier            |       |       |   200 |   349 |    37 |       |       ||   586
       Spear             |       |       |       |    40 |       |       |       ||    40
       Demon blade       |       |       |       |   263 |  1080 |       |       ||  1343
       Halberd           |       |       |       |       |   186 |       |       ||   186
       Demon whip        |       |       |       |       |   379 |  1653 |   389 ||  2421
Throw: Dart              |     2 |    29 |    13 |    57 |    46 |    37 |       ||   184
       Boomerang         |       |       |       |     9 |     1 |       |     1 ||    11
       Javelin           |       |       |       |       |       |       |     1 ||     1
Invok: Lunge             |       |       |    17 |    36 |    73 |   150 |    29 ||   305
       Whirlwind         |       |       |       |   135 |   462 |   235 |   108 ||   940
       Heavenly Storm    |       |       |       |       |       |     2 |     1 ||     3
       Serpent's Lash    |       |       |       |       |       |       |     1 ||     1
Evoke: Wand              |       |       |       |    18 |     1 |     2 |     5 ||    26
       Condenser vane    |       |       |       |       |     1 |     5 |       ||     6
       Phantom mirror    |       |       |       |       |       |     3 |     1 ||     4
  Use: Scroll            |       |     2 |       |    13 |    13 |    16 |       ||    44
       Potion            |       |       |       |     3 |     1 |     3 |     1 ||     8
 Stab: Sleeping          |     8 |     1 |    10 |    18 |    53 |    26 |     9 ||   125
       Distracted        |       |       |     1 |     2 |     5 |     4 |       ||    12
       Invisible         |       |       |       |    13 |     2 |       |       ||    15
       Petrified         |       |       |       |       |     4 |       |       ||     4
       Confused          |       |       |       |       |       |     5 |       ||     5
Armor: Robe              |    17 |    25 |       |       |       |       |       ||    42
       Leather armour    |       |     9 |    79 |    39 |       |       |       ||   127
       Steam dragon scal |       |       |       |    32 |       |       |       ||    32
       Ring mail         |       |       |       |   160 |   397 |   166 |    28 ||   751
Dodge: Dodged            |    28 |    89 |   198 |   800 |  1497 |   566 |    88 ||  3266
Block: Buckler           |       |       |       |       |   324 |   118 |       ||   442
       Tower shield      |       |       |       |       |       |  1001 |   239 ||  1240
       Reflection        |       |       |       |       |       |   123 |    20 ||   143
